 Dungeon Crawl Stone Soup version 0.21-a0-127-g329daca (webtiles) character file.

169683 Chiseanne the Nimble (level 17, -1/129 HPs)
             Began as a Gnoll Wanderer on July 14, 2017.
             Was an Initiate of Gozag.
             Slain by an alligator (14 damage)
             ... called by a spriggan druid
             ... on level 3 of the Swamp on July 16, 2017.
             The game lasted 02:09:20 (38056 turns).

Chiseanne the Nimble (Gnoll Wanderer)              Turns: 38056, Time: 02:09:21

Health: -1/129     AC: 16    Str: 19    XL:     17   Next: 67%
Magic:  0/32       EV: 28    Int: 17    God:    Gozag
Gold:   2644       SH:  0    Dex: 24    Spells: 11/38 levels left

rFire    + . .     SeeInvis +   d - +10 lajatang of Annihilation {slice, rC+}
rCold    + + .     Gourm    .   (shield currently unavailable)
rNeg     + . .     Faith    .   x - +3 leather armour {rPois}
rPois    +         Spirit   +   W - +2 hat {MR+}
rElec    .         Reflect  .   v - +0 cloak of the Vacuum {rN+ MR+ Dex+4}
rCorr    .         Harm     .   Y - +2 pair of gloves of the Monk {rC++ MR+ Str+3 SInv}
MR       ++++.                  z - +1 pair of boots
Stlth    ++++......             H - amulet of Qouliaxe {Spirit Slay+5}
HPRegen  0.31/turn              i - ring "Sibaohec" {MR+ Int+4 Stlth+}
MPRegen  0.23/turn              J - ring of fire

@: agile, gold aura, very slightly contaminated, hasted, very quick
A: short attention span, fangs 1, strong nose
}: 1/15 runes: decaying
a: Potion Petition, Call Merchant, Bribe Branch, Renounce Religion


You were on level 3 of the Swamp.
You worshipped Gozag.
Gozag was most pleased with you.
You were not hungry.

You visited 6 branches of the dungeon, and saw 29 of its levels.
You also visited: Labyrinth, Sewer, Bailey and Ice Cave.

You collected 11200 gold pieces.
You spent 3763 gold pieces at shops.
You paid 4793 gold pieces to Gozag.

Inventory:

Hand Weapons
 a - the +7 flail "Qusm" {holy, Stlth+}
   (You found it on level 7 of the Dungeon)

   It has been blessed by the Shining One to cause great damage to the undead
   and demons.
   It makes you more stealthy.
 d - the +10 lajatang of Annihilation (weapon) {slice, rC+}
   (You bought it in a shop on level 15 of the Dungeon)

   It inflicts extra damage upon your enemies.
   It protects you from cold.
 s - a +9 scimitar of flaming
 w - the +8 longbow of the Morning {velocity, rF- MR- Int+10 Dex+2}
   (You found it on level 11 of the Dungeon)

   Any arrow fired from it inflicts extra damage.
   It affects your intelligence (+10).
   It affects your dexterity (+2).
   It makes you vulnerable to fire.
   It affects your resistance to hostile enchantments.
Missiles
 b - 325 arrows
 P - 2 throwing nets (quivered)
Armour
 v - the +0 cloak of the Vacuum (worn) {rN+ MR+ Dex+4}
   (You found it on level 13 of the Dungeon)

   It affects your dexterity (+4).
   It protects you from negative energy.
   It affects your resistance to hostile enchantments.
 x - a +3 leather armour of poison resistance (worn)
 z - a +1 pair of boots (worn)
 L - the cursed +0 leather armour "Onkeufin" {rF+ MR- Int+9, unknown}
   (You found it on level 4 of the Swamp)

   It affects your intelligence (+9).
   It protects you from fire.
   It affects your resistance to hostile enchantments.
   It has a curse placed upon it.
 W - a +2 hat of magic resistance (worn)
 Y - the +2 pair of gloves of the Monk (worn) {rC++ MR+ Str+3 SInv}
   (You found it on level 11 of the Dungeon)

   It affects your strength (+3).
   It greatly protects you from cold.
   It affects your resistance to hostile enchantments.
   It lets you see invisible.
Jewellery
 e - a +5 ring of dexterity
 i - the ring "Sibaohec" (left hand) {MR+ Int+4 Stlth+}
   (You took it off a minotaur in a labyrinth)

   [ring of protection from magic]

   It affects your intelligence (+4).
   It affects your resistance to hostile enchantments.
   It makes you more stealthy.
 G - an uncursed ring of flight
 H - the amulet of Qouliaxe (around neck) {Spirit Slay+5}
   (You found it on level 7 of the Dungeon)

   [amulet of guardian spirit]

   It causes incoming damage to be split between your health and magic.
   It affects your accuracy and damage with ranged weapons and melee attacks
   (+5).
 I - an uncursed amulet of the gourmand
 J - a ring of fire (right hand)
Wands
 c - a wand of acid (0/15)
 k - a wand of iceblast (3/15)
 m - a wand of iceblast (5/15)
 F - a wand of confusion (16/48)
 K - a wand of confusion (18/48)
 M - a wand of acid (0/15)
 N - a wand of confusion (13/48)
 O - a wand of acid (8/15)
 S - a wand of confusion (28/48)
 T - a wand of iceblast (0/15)
 V - a wand of iceblast (7/15)
 X - a wand of disintegration (14/24)
 Z - a wand of paralysis (12/24)
Scrolls
 h - 3 scrolls of fear
 j - 5 scrolls of magic mapping
 l - 8 scrolls of teleportation
 n - a scroll of fog
 o - 6 scrolls of remove curse
 r - a scroll of enchant weapon
 y - 4 scrolls of recharging
Potions
 f - a potion of berserk rage
 p - 3 potions of cancellation
 t - a potion of agility
 A - 8 potions of curing
 B - 5 potions of haste
 C - 2 potions of resistance
 D - 2 potions of ambrosia
 E - a potion of flight
 U - a potion of might
Books
 q - a book of Maledictions

   Spells                             Type                      Level
   a - Corona                         Hexes                        1
   b - Ensorcelled Hibernation        Hexes/Ice                    2
   c - Confuse                        Hexes                        3
   d - Tukima's Dance                 Hexes                        3
   e - Dazzling Spray                 Conjuration/Hexes            3
 R - a book of Conjurations

   Spells                             Type                      Level
   a - Magic Dart                     Conjuration                  1
   b - Searing Ray                    Conjuration                  2
   c - Dazzling Spray                 Conjuration/Hexes            3
   d - Fulminant Prism                Conjuration/Hexes            4
   e - Force Lance                    Conjuration/Translocation    4
   f - Iskenderun's Mystic Blast      Conjuration                  4
Miscellaneous
 u - a lamp of fire
Comestibles
 g - 11 meat rations


   Skills:
 - Level 10.3 Fighting
   Level 3.2 Short Blades
 - Level 10.0 Maces & Flails
 - Level 11.0 Bows
 - Level 3.2 Throwing
 - Level 8.4 Armour
 * Level 12.0 Dodging
 - Level 1.5 Stealth
 * Level 11.0 Spellcasting
 * Level 9.7 Conjurations
 - Level 6.3 Charms
 * Level 9.8 Summonings
 - Level 7.4 Necromancy
 * Level 4.8 Translocations
 - Level 10.1 Evocations


You had 11 spell levels left.
You knew the following spells:

 Your Spells              Type           Power        Failure   Level  Hunger
a - Regeneration          Chrm/Necr      ####......   1%          3    None
b - Statue Form           Tmut/Erth      #........    100%        6    ######.
c - Spellforged Servitor  Conj/Summ      #####.....   78%         7    #######
d - Blink                 Tloc           N/A          1%          2    None
e - Shroud of Golubria    Chrm/Tloc      ####......   1%          2    None
f - Lesser Beckoning      Tloc           ####......   3%          3    None
g - Passage of Golubria   Tloc           N/A          12%         4    ###....


Dungeon Overview and Level Annotations

Branches:
Dungeon (15/15)            Temple (1/1) D:5            Lair (6/6) D:8
  Swamp (4/4) Lair:2       Spider (0/4) Lair:4        Slime (0/5) Lair:5
    Orc (2/2) D:12            Elf (1/3) Orc:2        Vaults (0/5) D:13
 Depths (0/5) D:15

Altars:
Ashenzari
Cheibriados
Dithmenos
Elyvilon
Fedhas
Gozag
Hepliaklqana
Kikubaaqudgha
Makhleb
Nemelex Xobeh
Okawaru
Qazlal
Ru
Sif Muna
Trog
Uskayaw
Vehumet
Wu Jian
Xom
Yredelemnul
Zin
The Shining One
Beogh
Jiyva

Shops:
D:9 [   D:11 *   D:12 [   D:15 [(   Orc:2 *!:}

Annotations:
D:4 ciphuk's ghost, amateur OgHu


Innate Abilities, Weirdness & Mutations

You have a short attention span.
You have very sharp teeth.
Your uncanny sense of smell can sniff out nearby items.


Message History

Purchase which effect?
You feel yourself speed up.
You feel much better.
You feel agile all of a sudden. The alligator completely misses you. x2
The alligator puts on a burst of speed!
You slash the alligator!
The alligator is moderately wounded.
You slash the alligator!
The alligator is heavily wounded.
The alligator bites you!
* * * LOW HITPOINT WARNING * * *
The alligator closely misses you.
You slash the alligator!
The alligator is severely wounded.
The alligator misses you. The alligator completely misses you.
You closely miss the alligator.
The alligator is severely wounded.
The alligator bites you!
You die...
Your body crumbles into a pile of gold.

..≈≈≈§≈ ....§≈♣♣≈....♣♣
.≈≈≈≈≈≈ .$...≈≈..≈≈>.≈≈≈♣
.≈≈≈≈≈≈ ≈≈.♣.≈≈≈.≈..≈≈≈.♣
≈.≈≈≈≈≈≈≈≈≈≈≈.≈≈≈..♣♣.≈≈♣♣
≈....≈≈≈≈≈≈..≈≈≈≈≈≈..§.≈♣
≈≈..≈≈≈≈.≈≈≈≈≈≈≈≈≈≈≈≈≈≈.♣
....≈≈≈≈.≈..≈≈≈≈≈≈≈.≈≈≈≈♣
....≈≈≈..♣♣..≈≈≈....♣♣≈♣♣
≈≈...≈≈≈.≈♣≈.≈≈≈@.§♣♣ ♣♣
≈..≈..≈≈♣ ♣♣≈.≈t..≈♣
♣.≈..♣♣♣♣ ♣♣.....≈♣
♣≈≈≈≈♣♣.♣♣ ♣♣≈...♣♣
♣..≈≈≈...♣♣♣ ♣♣≈...
≈≈≈≈≈≈≈...≈♣♣ ♣.≈≈≈.
♣≈≈≈(≈≈≈.≈≈≈♣ ♣≈.≈≈≈
♣..≈≈≈≈≈..≈.♣ ♣♣♣♣♣♣♣
.♣♣.≈≈≈≈.>..♣


You could see an alligator.

Vanquished Creatures
  Frances (D:14)
  Donald (Swamp:3)
  Azrael (Orc:2)
  A fire dragon (Lair:6)
  A minotaur (Lab)
  A yaktaur captain (D:15)
  17 hydras
  2 centaur warriors
  6 alligators
  3 two-headed ogres
  7 death yaks (Lair:6)
  2 deep elf knights (D:11)
  An orc high priest (Orc:1)
  Sonja (D:10)
  3 spriggan druids
  A death drake (Swamp:3)
  3 spectral hydras (Swamp:3)
  4 unseen horrors
  15 swamp dragons
  5 shambling mangroves
  14 ugly things
  5 orc knights
  2 phantasmal warriors (Swamp:3)
  2 necromancers
  2 large abominations (Swamp:3)
  A wolf spider zombie (D:15)
  5 lindwurms
  3 cyclopes
  6 deep elf magi
  A manticore (D:15)
  17 elephants
  An elephant (shapeshifter) (D:13)
  Maurice (D:10)
  8 black mambas
  6 torpor snails
  A guardian serpent (shapeshifter) (D:14)
  An ice statue (IceCv)
  5 centaur zombies
  21 spiny frogs
  3 gargoyles
  2 rime drakes (Lair:6)
  3 yaktaurs
  A yaktaur (shapeshifter) (D:15)
  5 swamp worm zombies (Swamp:3)
  3 komodo dragons
  10 freezing wraiths (IceCv)
  9 tyrant leeches
  9 trolls
  4 jumping spiders (Lair:4)
  A harpy skeleton (D:14)
  3 polar bears (Lair:6)
  3 meliai (D:14)
  26 hornets
  17 bog bodies
  11 blink frogs
  A wolf spider simulacrum (D:14)
  43 slime creatures
  3 spectral swamp dragons (Swamp:3)
  An alligator zombie (Swamp:3)
  4 dream sheep (Lair:4)
  5 hippogriffs
  2 redbacks (Lair:4)
  12 spriggans
  6 shadows
  7 wyverns
  A vampire (D:8)
  3 tyrant leech zombies (Swamp:3)
  A water elemental (Orc:2)
  19 yaks
  2 wraiths
  3 basilisks
  16 vampire mosquitoes
  7 hungry ghosts
  3 fire elementals (Orc:2)
  4 insubstantial wisps (Swamp:1)
  16 swamp worms
  6 wargs
  3 acid dragons
  12 water moccasins
  3 spiny frog zombies (Swamp:3)
  7 porcupines
  3 hell hounds (Orc:2)
  15 swamp drakes
  59 orc warriors
  3 phantoms
  18 ice beasts
  2 sky beasts
  A black bear (D:7)
  A necrophage (D:12)
  An eye of draining (D:10)
  10 ogres
  20 centaurs
  13 wolves
  15 crocodiles
  3 big kobolds
  22 bullfrogs
  A wyvern zombie (D:13)
  2 scorpions
  3 spriggan zombies (Swamp:3)
  An elephant simulacrum (IceCv)
  3 troll zombies (Swamp:3)
  11 killer bees
  13 wights
  A howler monkey (D:4)
  8 crimson imps
  A bullfrog zombie (D:11)
  2 draconian simulacra (IceCv)
  A lava snake (Lair:4)
  3 centaur skeletons
  13 orc priests
  2 jellies
  4 hounds
  Jessica (D:2)
  17 worker ants
  5 iguanas
  15 orc wizards
  2 polar bear simulacra (IceCv)
  4 troll simulacra (IceCv)
  2 spriggan simulacra (IceCv)
  A wolf simulacrum (IceCv)
  A killer bee zombie (D:10)
  3 centaur simulacra
  A hound zombie (D:6)
  A hound skeleton (D:11)
  12 adders
  5 naga simulacra (IceCv)
  5 ogre simulacra (IceCv)
  A river rat (D:3)
  9 shadow imps
  12 white imps (IceCv)
  3 oozes
  2 adder skeletons
  An adder zombie (D:5)
  2 worms
  2 dart slugs
  4 leopard geckos
  89 orcs
  11 bats
  9 giant cockroaches
  3 hobgoblins
  3 quokkas
  2 ball pythons
  4 frilled lizards
  4 goblins
  14 kobolds
  2 quokka skeletons (D:6)
  9 rats
  2 fungi
  A plant (Lair:3)
  A withered plant (Swamp:3)
998 creatures vanquished.

Vanquished Creatures (collateral kills)
  An eldritch tentacle (Swamp:1)
  2 alligators (Swamp:1)
  Psyche (D:11)
  An orc warrior (Bailey)
  An orc wizard (D:10)
  2 orcs
8 creatures vanquished.

Vanquished Creatures (others)
  A yaktaur captain (D:13)
  A dancing weapon (Orc:2)
  An orc warrior (Bailey)
  An orc wizard (D:13)
  2 orcs (D:13)
  2 fungi
  13 plants (Lair:6)
21 creatures vanquished.

Grand Total: 1027 creatures vanquished

Notes
Turn   | Place    | Note
-------+----------+-------------------------------------------
     0 | D:1      | Chiseanne the Gnoll Wanderer began the quest for the Orb.
     0 | D:1      | Chiseanne set off with: a +2 shortbow, 26 arrows, a +0 ring mail, a scroll of teleportation, a bread ration
     0 | D:1      | Reached XP level 1. HP: 18/18 MP: 1/1
   168 | D:1      | Reached skill level 1 in Dodging
   178 | D:1      | Reached XP level 2. HP: 24/24 MP: 2/2
   507 | D:2      | Reached XP level 3. HP: 30/30 MP: 3/3
   827 | D:2      | Noticed Jessica
   829 | D:2      | Killed Jessica
   829 | D:2      | Reached skill level 2 in Dodging
   829 | D:2      | Reached XP level 4. HP: 37/37 MP: 4/4
  1150 | D:3      | Reached skill level 3 in Dodging
  1250 | D:3      | Found a glowing drain.
  1260 | D:3      | Reached skill level 5 in Armour
  1260 | D:3      | Reached XP level 5. HP: 30/43 MP: 5/5
  1266 | Sewer    | Entered a sewer
  1370 | Sewer    | Noticed a crocodile
  1382 | Sewer    | Killed a crocodile
  1382 | Sewer    | Reached skill level 5 in Fighting
  1382 | Sewer    | Reached skill level 4 in Dodging
  1687 | D:3      | Reached XP level 6. HP: 43/51 MP: 6/6
  1809 | D:3      | Found a snail-covered altar of Cheibriados.
  2333 | D:4      | Reached skill level 5 in Bows
  2395 | D:4      | Noticed ciphuk's ghost (amateur OgHu)
  2665 | D:4      | Reached skill level 5 in Dodging
  2665 | D:4      | Reached XP level 7. HP: 59/59 MP: 7/7
  2757 | D:5      | Entered Level 5 of the Dungeon
  2866 | D:5      | Found a hide-covered altar of Uskayaw.
  3129 | D:5      | Found a sparkling altar of Nemelex Xobeh.
  3297 | D:5      | Found a sparkling altar of Nemelex Xobeh.
  3415 | D:5      | Reached skill level 6 in Dodging
  3538 | D:5      | Found a staircase to the Ecumenical Temple.
  3555 | Temple   | Entered the Ecumenical Temple
  4183 | D:6      | Reached XP level 8. HP: 62/67 MP: 8/8
  4441 | D:6      | Found a shimmering altar of Xom.
  4450 | D:6      | Learned a level 3 spell: Regeneration
  4481 | D:6      | Reached skill level 7 in Dodging
  4616 | D:6      | Found an opulent altar of Gozag.
  4627 | D:6      | Became a worshipper of Gozag Ym Sagoz the Greedy
  5517 | D:7      | Got a faintly glowing sapphire amulet
  5521 | D:7      | Identified the amulet of Qouliaxe {Spirit Slay+5} (You found it on level 7 of the Dungeon)
  5794 | D:7      | Reached skill level 1 in Evocations
  5968 | D:7      | Reached XP level 9. HP: 75/75 MP: 9/11
  6330 | D:7      | Got a bloodstained flail
  6356 | D:7      | Identified the +7 flail "Qusm" {holy, Stlth+} (You found it on level 7 of the Dungeon)
  6400 | D:7      | Reached skill level 8 in Dodging
  6548 | D:7      | Reached skill level 1 in Maces & Flails
  6592 | D:7      | Found a deep blue altar of Sif Muna.
  6776 | D:8      | Reached skill level 5 in Evocations
  7017 | D:8      | Found a staircase to the Lair.
  7046 | D:8      | Reached skill level 5 in Maces & Flails
  7593 | D:9      | Reached XP level 10. HP: 83/83 MP: 15/15
  7740 | D:9      | Found a bloodstained altar of Trog.
  8008 | D:9      | Reached skill level 9 in Dodging
  8021 | D:9      | Noticed a two-headed ogre
  8029 | D:9      | Killed a two-headed ogre
  8408 | D:10     | Entered Level 10 of the Dungeon
  8739 | D:10     | Noticed an unseen horror
  8746 | D:10     | Killed an unseen horror
  8996 | D:10     | Noticed Maurice
  9018 | D:10     | Killed Maurice
  9120 | D:10     | Noticed Sonja
  9128 | D:10     | Reached XP level 11. HP: 90/90 MP: 17/17
  9722 | D:10     | You fall through a shaft!
  9724 | D:11     | Found a flagged portal.
  9732 | D:11     | Got a crystal spear
  9735 | Bailey   | Entered a bailey
  9803 | Bailey   | Identified the +3 spear "Borgh" {pierce, rN+ MR+ Int+4} (You found it on level 11 of the Dungeon)
 10380 | D:10     | Reached skill level 10 in Fighting
 10610 | D:10     | Noticed a brown ugly thing
 10630 | D:10     | Killed a brown ugly thing
 11114 | D:11     | Found an iron altar of Okawaru.
 11114 | D:11     | Noticed an orc knight
 11174 | D:11     | Noticed Psyche
 11189 | D:11     | Bought a glowing yellow potion for 27 gold pieces
 11189 | D:11     | Bought a glowing yellow potion for 27 gold pieces
 11189 | D:11     | Bought a scroll of fear for 105 gold pieces
 11189 | D:11     | Bought a potion of heal wounds for 150 gold pieces
 11189 | D:11     | Bought a scroll labeled HUXEKE SABUVA for 30 gold pieces
 11209 | D:11     | Killed Psyche
 11249 | D:11     | Got a pair of dazzling gloves
 11260 | D:11     | Identified the +2 pair of gloves of the Monk {rC++ MR+ Str+3 SInv} (You found it on level 11 of the Dungeon)
 11574 | D:11     | Reached skill level 10 in Dodging
 11765 | D:11     | Noticed a deep elf knight
 11766 | D:11     | Noticed a deep elf knight
 11776 | D:11     | Killed a deep elf knight
 11777 | D:11     | Noticed a deep elf mage
 11777 | D:11     | Reached XP level 12. HP: 90/97 MP: 17/19
 11778 | D:11     | Killed a deep elf knight
 12277 | D:11     | Got a fine scarf
 12291 | D:11     | Identified the scarf of Daisies {Int+3} (You found it on level 11 of the Dungeon)
 12405 | D:11     | Got a jewelled longbow
 12407 | D:11     | Identified the +8 longbow of the Morning {velocity, rF- MR- Int+10 Dex+2} (You found it on level 11 of the Dungeon)
 12715 | D:12     | Reached skill level 1 in Spellcasting
 12760 | D:12     | Found a staircase to the Orcish Mines.
 13134 | Orc:1    | Entered Level 1 of the Orcish Mines
 13948 | Orc:1    | Noticed an orc high priest
 14155 | Orc:1    | Noticed a soul eater
 14298 | Orc:1    | Killed an orc high priest
 14815 | D:11     | Bought a twisted scale mail for 270 gold pieces
 14826 | D:11     | Identified the +0 scale mail of the Yeti {+Fly Str-2 Int+4} (You bought it in a shop on level 11 of the Dungeon)
 14838 | D:11     | Bought a faintly humming robe for 171 gold pieces
 14848 | D:11     | Identified the cursed +0 robe "Rewnik" {MR+ rCorr Dex-4} (You bought it in a shop on level 11 of the Dungeon)
 14917 | D:11     | Bought an ichor-stained long sword for 255 gold pieces
 14922 | D:11     | Identified the cursed +1 long sword "Puapt" {slice, +Blink rF- rN+ Dex+2} (You bought it in a shop on level 11 of the Dungeon)
 14983 | Orc:2    | Entered Level 2 of the Orcish Mines
 14983 | Orc:2    | Found a staircase to the Elven Halls.
 14992 | Orc:2    | Found a frozen archway.
 15023 | Orc:2    | Reached skill level 10 in Evocations
 15045 | IceCv    | Entered an ice cave
 15120 | IceCv    | Reached skill level 5 in Spellcasting
 15578 | IceCv    | Reached XP level 13. HP: 83/104 MP: 14/21
 15802 | IceCv    | Found an ancient bone altar of Kikubaaqudgha.
 15919 | IceCv    | Reached skill level 1 in Charms
 16554 | Orc:2    | Found a roughly hewn altar of Beogh.
 17117 | Orc:2    | Found Ykoec's Book Shoppe.
 17117 | Orc:2    | Found Ygretuv's Distillery.
 17195 | Orc:2    | Found Diliet's General Store.
 17197 | Orc:2    | Found Doivigil's Gadget Emporium.
 17202 | Orc:2    | Bought a potion of resistance for 120 gold pieces
 17202 | Orc:2    | Bought a potion of cancellation for 96 gold pieces
 17202 | Orc:2    | Bought a potion of invisibility for 96 gold pieces
 17202 | Orc:2    | Bought a potion of curing for 36 gold pieces
 17202 | Orc:2    | Bought a potion of flight for 36 gold pieces
 17213 | Orc:2    | Bought 2 potions of ambrosia for 192 gold pieces
 17213 | Orc:2    | Bought a potion of curing for 36 gold pieces
 17213 | Orc:2    | Bought a bread ration for 60 gold pieces
 17213 | Orc:2    | Bought a scroll of immolation for 42 gold pieces
 17213 | Orc:2    | Bought a potion of haste for 120 gold pieces
 17221 | Orc:2    | Learned a level 6 spell: Statue Form
 17400 | Orc:2    | Noticed Azrael
 17476 | Orc:2    | Killed Azrael
 17476 | Orc:2    | Reached skill level 10 in Maces & Flails
 18121 | D:13     | Reached skill level 5 in Charms
 18454 | D:13     | Noticed a yaktaur captain
 18475 | D:13     | Killed a yaktaur captain
 18489 | D:13     | Found a gate to the Vaults.
 18766 | D:13     | Got a faintly humming cloak
 18778 | D:13     | Identified the cursed +0 cloak of the Vacuum {rN+ MR+ Dex+4} (You found it on level 13 of the Dungeon)
 19395 | D:14     | Reached skill level 1 in Necromancy
 19579 | D:14     | Noticed Frances
 19589 | D:14     | Killed Frances
 19599 | D:14     | Reached XP level 14. HP: 65/111 MP: 17/26
 20058 | D:14     | Reached skill level 11 in Dodging
 20104 | D:14     | Reached skill level 5 in Necromancy
 20329 | D:15     | Entered Level 15 of the Dungeon
 21126 | D:15     | Found a bloodstained altar of Trog.
 22032 | D:15     | Found a staircase to the Depths.
 22256 | D:15     | Learned a level 7 spell: Spellforged Servitor
 22272 | D:15     | Bought a pair of runed gloves for 240 gold pieces
 22309 | D:15     | Bought a silken robe for 182 gold pieces
 22319 | D:15     | Identified the +1 robe "Masyffy" {rPois Int-4 Dex+3} (You bought it in a shop on level 15 of the Dungeon)
 22674 | Lair:1   | Entered Level 1 of the Lair of Beasts
 22688 | Lair:1   | Reached skill level 1 in Summonings
 22797 | Lair:1   | Reached skill level 1 in Conjurations
 23567 | Lair:2   | Found a staircase to the Swamp.
 23588 | Lair:2   | Found a labyrinth entrance.
 23602 | Lab      | Entered a labyrinth
 23750 | Lab      | Got a warped turquoise ring
 23758 | Lab      | Got a twisted shortbow
 23758 | Lab      | Got a twisted scale mail
 23783 | Lair:2   | Identified the cursed +0 scale mail of Liudizy {+Blink MR+} (You found it in a labyrinth)
 23894 | Lair:2   | Identified the +3 shortbow "Concordance" {flame, Int+6} (You found it in a labyrinth)
 23932 | Lair:2   | Identified the ring "Sibaohec" {MR+ Int+4 Stlth+} (You took it off a minotaur in a labyrinth)
 25107 | Lair:3   | Reached XP level 15. HP: 116/116 MP: 28/28
 25547 | Lair:4   | Found a hole to the Spider Nest.
 25580 | Lair:4   | Reached skill level 5 in Conjurations
 25697 | Lair:4   | Reached skill level 10 in Bows
 25697 | Lair:4   | Reached skill level 5 in Summonings
 25969 | Lair:4   | Found a dark tunnel.
 26275 | Lair:5   | Found a staircase to the Slime Pits.
 26275 | Lair:5   | Found a viscous altar of Jiyva.
 26416 | Lair:5   | Learned a level 2 spell: Blink
 26419 | Lair:5   | Learned a level 2 spell: Shroud of Golubria
 26423 | Lair:5   | Learned a level 3 spell: Lesser Beckoning
 26468 | Lair:5   | Learned a level 4 spell: Passage of Golubria
 27158 | Lair:6   | Entered Level 6 of the Lair of Beasts
 27227 | Lair:6   | Reached skill level 10 in Spellcasting
 28478 | Lair:6   | Found a runed door.
 29934 | D:15     | Bought a shimmering troll leather armour for 640 gold pieces
 29934 | D:15     | Identified the +1 troll leather armour of Grace {*Slow MR++ Regen+ Int+6} (You bought it in a shop on level 15 of the Dungeon)
 29950 | D:15     | Bought a steaming lajatang for 640 gold pieces
 29950 | D:15     | Identified the +10 lajatang of Annihilation {slice, rC+} (You bought it in a shop on level 15 of the Dungeon)
 30147 | Elf:1    | Entered Level 1 of the Elven Halls
 30160 | Elf:1    | Reached XP level 16. HP: 112/123 MP: 27/30
 30541 | Orc:2    | Bought a +2 leather armour of poison resistance for 192 gold pieces
 30700 | D:10     | Killed Sonja
 30873 | Swamp:1  | Entered Level 1 of the Swamp
 31668 | Swamp:1  | HP: 3/123 [spiny frog (9)]
 33250 | Swamp:1  | wingboner: Yay.
 33250 | Swamp:1  | wingboner: >MR-
 33250 | Swamp:1  | wingboner: >on a gnoll
 33250 | Swamp:1  | wingboner: Inviting trouble!
 33250 | Swamp:1  | Upgraded the game from 0.21-a0-125-gb006224 to 0.21-a0-127-g329daca
 34412 | Swamp:3  | Noticed a thorn hunter
 35314 | Swamp:2  | Reached XP level 17. HP: 70/129 MP: 18/31
 36020 | Swamp:3  | Noticed Donald
 36037 | Swamp:3  | Killed Donald
 36532 | Swamp:3  | Reached skill level 1 in Translocations
 36893 | Swamp:3  | Identified the Compendium of the Traveller
 36937 | Swamp:3  | Got a twisted crystal plate armour
 36941 | Swamp:3  | Identified the cursed +1 crystal plate armour "Zyach" {+Fly Str+3 Int+3} (You found it on level 3 of the Swamp)
 37364 | Swamp:4  | Entered Level 4 of the Swamp
 37512 | Swamp:4  | Got an ancient leather armour
 38036 | Swamp:4  | Reached skill level 12 in Dodging
 38038 | Swamp:4  | Got a decaying rune of Zot
 38051 | Swamp:3  | HP: 1/129 [alligator[a spriggan druid] (16)]
 38056 | Swamp:3  | Slain by an alligator

Vault maps used:
D:1:      dpeg_arrival_fog
D:2:      uniq_jessica
D:3:      lemuel_round_altar, first_bread, portal_sewer_entry_e
D:5:      kennysheep_little_box, lemuel_crystal_altar,
          minmay_temple_entry_fiery, minmay_misc_feat_diagonals, minivault_4,
          nemelex_xobeh_ov_fountains_minmay
D:6:      grunt_gozag_breadcrumbs, xom_teletrap_fun
D:7:      marbit_many_paths
D:8:      erik_lair_dragon
D:9:      kennysheep_mini_moat
D:10:     uniq_sonja, uniq_maurice
D:11:     evilmike_iron_armoury, enter_bailey_2, uniq_psyche
D:12:     david_orc_3, the_bakery, corexii_hall_statues_l
D:13:     david_vaults_2, spider_trap
D:14:     uniq_frances
D:15:     grunt_enter_depths_snipers, basic_altar, serial_corexii_hall,
          corexii_hall_statues_l, corexii_hall_statues_deadend
Temple:   compressed_dpeg_circular_temple
Lair:2:   swamp_mist_pool, lab_entry_generic
Lair:3:   hibernation_bobbens
Lair:4:   nicolae_spider_entry_tight_spaces, enter_volcano_1,
          infiniplex_staircase_pool_2
Lair:5:   slime_altar_1, lemuel_fruit_tree
Lair:6:   wormcave
Swamp:1:  infiniplex_staircase_pool, swamp_pool5
Swamp:2:  evilmike_swamp_ruin_house_1
Swamp:3:  cheibrodos_swamp_mausoleum, nicolae_swamp_stair_fork, uniq_donald
Swamp:4:  swamp_alternative, hangedman_swamp_diagram, swamp_pool5
Orc:2:    st_orc_rangers, portal_ice_cave_entry_ice_beasts, basic_altar,
          uniq_azrael
Elf:1:    eino_elf_arrival_the_gate, serial_shops, shop, minmay_elf_sorcery,
          minmay_shoptagon
Lab:      labyrinth_watery, nicolae_lab_dead_end, nicolae_lab_grate_2,
          lab_block, nicolae_lab_swirl, lab_fountain, nicolae_lab_checkerboard
Sewer:    sewer_big_baddie
Bailey:   bailey_polearm_flooded_kennysheep, bailey
IceCv:    ice_cave_small_necro

Skill      XL: |  1  2  3  4  5  6  7  8  9 10 11 12 13 14 15 16 17 |
---------------+----------------------------------------------------+-----
Dodging        | 1 2 3 4 5 6 7 8 9 10 11 12 | 12.0
Bows           | 2 3 4 5 7 9 10 11 | 11.0
Armour         | 4 5 6 7 8 |  8.4
Fighting       | 4 5 6 7 8 9 10 | 10.3
Evocations     | 3 6 8 9 10 | 10.1
Maces & Flails | 5 7 9 10 | 10.0
Spellcasting   | 5 8 9 10 11 | 11.0
Charms         | 6 |  6.3
Necromancy     | 3 7 |  7.4
Summonings     | 3 7 9 |  9.8
Conjurations   | 4 7 9 |  9.7
Translocations | 4 |  4.8
Short Blades   | |  3.2
Throwing       | |  3.2
Stealth        | |  1.5

Action                   |  1- 3 |  4- 6 |  7- 9 | 10-12 | 13-15 | 16-18 || total
-------------------------+-------+-------+-------+-------+-------+-------++-------
Melee: Whip              |       |    19 |    85 |       |       |       ||   104
       Bite              |       |     1 |    16 |    33 |    50 |    36 ||   136
       Flail             |       |       |    24 |   295 |   291 |       ||   610
       Spear             |       |       |       |     2 |       |       ||     2
       Scimitar          |       |       |       |       |    39 |    10 ||    49
       Lajatang          |       |       |       |       |       |   216 ||   216
 Fire: Shortbow          |    60 |   131 |   290 |   169 |       |       ||   650
       Blowgun           |       |       |       |     6 |       |       ||     6
       Longbow           |       |       |       |   147 |   861 |   638 ||  1646
 Cast: Shroud of Golubri |       |       |       |       |       |     1 ||     1
Invok: Call Merchant     |       |       |       |     2 |     3 |       ||     5
       Potion Petition   |       |       |       |       |       |     1 ||     1
Evoke: Wand              |       |       |       |    40 |    13 |    24 ||    77
  Use: Scroll            |       |     9 |    10 |     9 |    12 |    18 ||    58
       Potion            |       |       |     2 |     1 |    10 |    11 ||    24
 Stab: Confused          |       |       |       |     2 |       |       ||     2
       Sleeping          |       |       |       |     4 |     1 |     2 ||     7
       Distracted        |       |       |       |     2 |     3 |     1 ||     6
       Invisible         |       |       |       |       |     6 |       ||     6
  Eat: Chunk             |       |     5 |     6 |       |       |       ||    11
       Royal jelly       |       |       |     4 |     3 |     3 |     1 ||    11
       Bread ration      |       |       |     1 |     4 |     9 |     3 ||    17
       Fruit             |       |       |       |       |     8 |     1 ||     9
       Meat ration       |       |       |       |       |       |     2 ||     2
Armor: Ring mail         |     7 |    24 |    60 |       |       |       ||    91
       Leather armour    |       |       |     4 |   115 |   118 |   159 ||   396
Dodge: Dodged            |    16 |    48 |   123 |   514 |   548 |   584 ||  1833
       Deflected         |       |       |       |     3 |    27 |       ||    30
       Rpst.: Scimitar   |       |       |       |       |    11 |     5 ||    16
